 Dungeon Crawl Stone Soup version 0.28-a0-883-gc8d7bad45d (webtiles) character file.

Game seed: 3901806986410942109

56 horus123 the Skirmisher (level 4, -6/37 HPs)
             Began as a Human Fighter on Nov 21, 2021.
             Mangled by Natasha (7 damage)
             ... on level 2 of the Dungeon.
             The game lasted 00:02:00 (1525 turns).

horus123 the Skirmisher (Human Fighter)             Turns: 1525, Time: 00:02:02

Health: -6/37      AC:  6    Str: 17    XL:     4   Next: 15%
Magic:  4/4        EV:  9    Int:  9    God:
Gold:   78         SH:  4    Dex: 12    Spells: 3/3 levels left

rFire   . . .      SeeInvis .   a - +0 flail
rCold   . . .      Faith    .   c - +0 buckler
rNeg    . . .      Spirit   .   b - +0 scale mail
rPois   .          Reflect  .   (no helmet)
rElec   .          Harm     .   (no cloak)
rCorr   .          Rampage  .   (no gloves)
Will    .....                   (no boots)
Stlth   ..........              (no amulet)
HPRegen 0.12/turn               (no ring)
MPRegen 0.09/turn               (no ring)

@: mighty, slowed, very slow
A: no striking features
a: no special abilities


You were on level 2 of the Dungeon.
You visited 1 branch of the dungeon, and saw 2 of its levels.

You collected 78 gold pieces.

Inventory:

Hand Weapons
 a - a +0 flail (weapon)
Missiles
 f - 2 throwing nets (quivered)
Armour
 b - a +0 scale mail (worn)
 c - a +0 buckler (worn)
Potions
 g - a potion of curing {unknown}


   Skills:
 + Level 3.6 Fighting
 + Level 2.6 Maces & Flails
 + Level 3.1 Armour
 + Level 0.4 Dodging
 + Level 1.0 Stealth
 + Level 3.2 Shields


You had 3 spell levels left.
You didn't know any spells.
Your spell library was empty.

Dungeon Overview and Level Annotations

Branches:
Dungeon (2/15)

Altars:

Annotations:
D:2 Natasha


Message History

You bludgeon the adder!!
You kill the adder!
Natasha wildly gestures.
Natasha shimmers violently.
The crimson imp hits you but does no damage.
You have reached level 4!
You feel clever.
You closely miss the crimson imp. The crimson imp barely misses you.
You hit the crimson imp.
The crimson imp is moderately wounded.
The crimson imp barely misses you.
You barely miss the crimson imp.
The crimson imp is moderately wounded.
The crimson imp hits you but does no damage.
The shadow imp shouts, "Back with thee, thou frothy sheep-biting dingleberry!"
You miss the crimson imp.
The crimson imp is moderately wounded.
The crimson imp shouts, "Return whence thou came, thou twisted clapper-clawed ratsbane!"
The crimson imp hits you but does no damage.
The crimson imp hits you.
* * * LOW HITPOINT WARNING * * *
You closely miss the crimson imp.
The crimson imp is lightly wounded.
The crimson imp barely misses you.
You sock the crimson imp!
You kill the crimson imp!
The crimson imp disappears in a puff of smoke!
The shadow imp disappears in a puff of smoke!
Natasha claws you but does no damage.
You completely miss Natasha. Natasha casts a spell at you.
You feel yourself slow down.
The iron imp lashes its tail.
You completely miss Natasha. Natasha claws you.
* * * LOW HITPOINT WARNING * * *
Natasha closely misses you.
You closely miss Natasha. Natasha claws you but does no damage.
You block Natasha's attack.
You barely miss Natasha. Natasha claws you!
You die...

#####.##......#
#.....
#.........#... ...
####...........##.
##....##....##.
######..........##.
#...............##.
#.###...........##.
#.###...........##.
#.@hg...........##.
####5##'#....5.....
#..............#
#...............
#...............
#...............
#...............
#............###
#...#####......#


You could see an iron imp (summoned), Natasha and a goblin.

Vanquished Creatures
  3 adders (D:2)
  A worm (D:2)
  4 endoplasms
  A hobgoblin (D:1)
  2 kobolds
  A quokka (D:1)
  2 ball pythons
  4 bats
  3 frilled lizards
  4 goblins (D:1)
  3 rats (D:1)
28 creatures vanquished.

Notes
Turn   | Place    | Note
-------+----------+-------------------------------------------
     0 | D:1      | horus123 the Human Fighter began the quest for the Orb.
     0 | D:1      | Reached XP level 1. HP: 18/18 MP: 1/1
   172 | D:1      | Reached XP level 2. HP: 20/24 MP: 2/2
  1108 | D:2      | Reached XP level 3. HP: 20/29 MP: 3/3
  1474 | D:2      | Noticed Natasha
  1508 | D:2      | Reached skill level 1 in Stealth
  1516 | D:2      | Reached XP level 4. HP: 8/37 MP: 4/4
  1523 | D:2      | HP: 1/37 [Natasha (6)]
  1525 | D:2      | Mangled by Natasha

Illustrated notes

Levels and vault maps discovered:
D:1:      psy_arrival_dodecagon, layout_loops_cross, amethyst_killhole
D:2:      layout_basic, uniq_natasha

Skill      XL: |  1  2  3 |
---------------+----------+-----
Stealth        | 1 |  1.0
Fighting       | |  3.6
Maces & Flails | |  2.6
Armour         | |  3.1
Dodging        | |  0.4
Shields        | |  3.2

Action                   |  1- 3 |  4- 6 || total
-------------------------+-------+-------++-------
Melee: Flail             |    93 |    10 ||   103
  Use: Scroll            |     4 |       ||     4
       Potion            |     1 |       ||     1
Armor: Scale mail        |    46 |     4 ||    50
Dodge: Dodged            |    47 |     4 ||    51
Block: Buckler           |    30 |     1 ||    31

Table legend: (Time is in decaauts)
 A = Elapsed time spent in this place.
 B = Non-inter-level travel time spent in this place.
 C = Inter-level travel time spent in this place.
 D = Time resting spent in this place.
 E = Time spent auto-exploring this place.
 F = Levels seen in this place.
 G = Mean time per level.
                   A        B        C        D        E       F      G
               +--------+--------+--------+--------+--------+-----+--------+
         Total |   1558 |   1530 |     28 |      0 |   1234 |   2 |  779.0 |
       Dungeon |   1558 |   1530 |     28 |      0 |   1234 |   2 |  779.0 |
               +--------+--------+--------+--------+--------+-----+--------+

Top non-repeatable levels by time:
     D:1: 1011 daAuts
     D:2: 546 daAuts
